 Dungeon Crawl Stone Soup version 0.31-a0-271-gb88eb75e06 (webtiles) character file.

Game seed: 11619967694416631273

1127 vineage the Fighter (level 8, -4/69 HPs)
             Began as a Merfolk Gladiator on July 14, 2023.
             Was a Follower of Okawaru.
             Slain by Duvessa
             ... wielding a +0 rapier
              (7 damage)
             ... on level 5 of the Dungeon.
             The game lasted 00:04:29 (4126 turns).

vineage the Fighter (Merfolk Gladiator)             Turns: 4126, Time: 00:04:29

Health: -4/69      AC: 14    Str: 16    XL:     8   Next: 35%
Magic:  9/9        EV:  9    Int:  8    God:    Okawaru [*.....]
Gold:   126        SH:  0    Dex: 15    Spells: 7/7 levels left

rFire   + . .        a - +0 trident
rCold   + . .        (no shield)
rNeg    . . .        f - +5 chain mail {rF+}
rPois   .            c - +0 helmet
rElec   .            (no cloak)
rCorr   .            (no gloves)
SInv    .            (no boots)
Will    .....        i - amulet of regeneration Stlth
                     q - ring of protection from cold
HPRegen 1.11/turn    (no ring)
MPRegen 0.11/turn

%: no passive effects
@: no status effects
A: (nimble swimmer 2), mertail
a: Renounce Religion, Heroism


You were on level 5 of the Dungeon.
You worshipped Okawaru.
Okawaru was aware of your devotion.
You visited 2 branches of the dungeon, and saw 6 of its levels.

You collected 126 gold pieces.

Inventory:

Hand Weapons
 a - a +0 trident (weapon)
Missiles
 d - 3 throwing nets (quivered)
 e - 3 javelins
Armour
 c - a +0 helmet (worn)
 f - a +5 chain mail of fire resistance (worn)
Jewellery
 g - a ring of poison resistance
 i - an amulet of regeneration (around neck)
 q - a ring of protection from cold (left hand)
Wands
 s - a wand of iceblast (4)
Scrolls
 h - a scroll of enchant weapon
 j - a scroll of amnesia
 n - a scroll of poison
 p - a scroll of teleportation
 r - a scroll of fog {unknown}
 t - a scroll of blinking {unknown}
Potions
 l - 3 potions of attraction
 m - a potion of cancellation
 o - 3 potions of enlightenment


   Skills:
 * Level 8.3 Fighting
 + Level 7.8 Polearms
 - Level 2.0 Throwing
 + Level 1.2 Armour
 + Level 4.7 Dodging
 * Level 1.7 Invocations


You had 7 spell levels left.
You didn't know any spells.
Your spell library was empty.

Dungeon Overview and Level Annotations

Branches:
Dungeon (5/15)             Temple (1/1) D:4

Altars:
Ashenzari
Elyvilon
Fedhas
Hepliaklqana
Kikubaaqudgha
Makhleb
Nemelex Xobeh
Okawaru
Qazlal
Ru
Sif Muna
Trog
Uskayaw
Vehumet
Wu Jian
Xom
Yredelemnul
Zin
The Shining One

Annotations:
D:5 Duvessa


Innate Abilities, Weirdness & Mutations

((You are very nimble when in or above water. (Stealth+, EV+, Speed+++)))
Your lower body shifts to a powerful aquatic tail in water.


Message History

Duvessa hits you with a +0 rapier.
* * * LOW HITPOINT WARNING * * *
You hit Duvessa but do no damage.
Duvessa is heavily wounded.
You hear the rusting of a very distant drain.
Duvessa hits you with a +0 rapier!
* * * LOW HITPOINT WARNING * * *
Duvessa hits you but does no damage.
You closely miss Duvessa.
Duvessa is heavily wounded.
Duvessa hits you with a +0 rapier!
* * * LOW HITPOINT WARNING * * *
You puncture Duvessa!
Duvessa is severely wounded.
Duvessa hits you with a +0 rapier.
* * * LOW HITPOINT WARNING * * *
You are confused.
You feel invigorated. Duvessa hits you with a +0 rapier.
* * * LOW HITPOINT WARNING * * *
Duvessa hits you with a +0 rapier.
* * * LOW HITPOINT WARNING * * *
You bump into the rock wall.
Duvessa hits you with a +0 rapier!
* * * LOW HITPOINT WARNING * * *
You bump into the rock wall.
You feel less invigorated.
You feel less confused. Duvessa hits you with a +0 rapier.
* * * LOW HITPOINT WARNING * * *
Duvessa hits you but does no damage.
You hit Duvessa.
Duvessa is almost dead.
Duvessa closely misses you.
You hit Duvessa.
Duvessa is almost dead.
Duvessa hits you with a +0 rapier!
* * * LOW HITPOINT WARNING * * *
Duvessa hits you but does no damage.
You puncture Duvessa!
Duvessa is almost dead.
Duvessa hits you with a +0 rapier!
You die...

.(# #... #.# #..# #
#.# #..# .##
#.####..###..#
##...##.......##.
#.....).......... ###
#.###...#.#.#.## ..#
#.# ###.#.# # ..# #.#
#.#@# ..# #.#
#..e....#
..######.######....#.#
..'.........# ##...#
..######....# ##..#
..# #....# ..# ..#
#....# .## '## ######
.. .#


You could see Duvessa (berserk).

Vanquished Creatures
  Grinder (D:3)
  Sigmund (D:4)
  An ogre (D:4)
  A phantom (D:4)
  A scorpion (D:5)
  Blork the orc (D:4)
  Dowan (D:5)
  2 hounds (D:4)
  2 iguanas (D:4)
  Terence (D:3)
  Natasha (thrice) (D:3)
  3 orc wizards (D:4)
  Robin (D:4)
  3 adders
  A white imp (D:5)
  An ufetubus (D:5)
  4 worms
  3 dart slugs
  7 orcs
  6 bats
  7 endoplasms
  6 giant cockroaches
  15 goblins
  8 hobgoblins
  9 jackals
  3 quokkas (D:1)
  11 ball pythons
  A frilled lizard (D:3)
  6 kobolds
  A rat (D:2)
111 creatures vanquished.

Notes
Turn   | Place    | Note
-------+----------+-------------------------------------------
     0 | D:1      | vineage the Merfolk Gladiator began the quest for the Orb.
     0 | D:1      | Reached XP level 1. HP: 16/16 MP: 1/1
    58 | D:1      | Reached XP level 2. HP: 14/23 MP: 2/2
   162 | D:1      | Reached skill level 3 in Fighting
   330 | D:1      | Reached XP level 3. HP: 29/29 MP: 3/3
   792 | D:2      | You fall into a shaft and drop 1 floor!
   813 | D:3      | Noticed Terence
   834 | D:3      | Killed Terence
   835 | D:3      | Reached skill level 4 in Fighting
   835 | D:3      | Reached skill level 5 in Polearms
   835 | D:3      | Reached XP level 4. HP: 14/37 MP: 4/4
  1028 | D:3      | Noticed Natasha
  1034 | D:3      | Killed Natasha
  1201 | D:3      | Noticed Natasha
  1208 | D:3      | Killed Natasha
  1209 | D:3      | Reached XP level 5. HP: 43/43 MP: 5/5
  1434 | D:3      | Found a sparkling altar of Nemelex Xobeh.
  1458 | D:3      | Noticed Grinder
  1460 | D:3      | Paralysed by Grinder for 4 turns
  1472 | D:3      | Noticed Natasha
  1475 | D:3      | Paralysed by Grinder for 3 turns
  1481 | D:3      | Killed Grinder
  1482 | D:3      | Reached skill level 6 in Fighting
  1482 | D:3      | Reached XP level 6. HP: 18/52 MP: 6/6
  1907 | D:3      | Killed Natasha
  2696 | D:4      | Found a staircase to the Ecumenical Temple.
  2759 | Temple   | Entered the Ecumenical Temple
  2895 | Temple   | Became a worshipper of Warmaster Okawaru
  2997 | D:4      | Noticed Robin
  3009 | D:4      | Killed Robin
  3019 | D:4      | Reached XP level 7. HP: 51/59 MP: 7/7
  3113 | D:4      | Noticed Sigmund
  3151 | D:4      | Killed Sigmund
  3152 | D:4      | Reached skill level 7 in Fighting
  3269 | D:4      | Reached * piety under Okawaru
  3351 | D:4      | Reached skill level 8 in Fighting
  3351 | D:4      | Reached XP level 8. HP: 26/68 MP: 8/8
  3595 | D:4      | Found a burning altar of Makhleb.
  3793 | D:4      | Noticed Blork the orc
  3802 | D:4      | Killed Blork the orc
  3803 | D:4      | Reached skill level 1 in Armour
  3803 | D:4      | Reached skill level 1 in Invocations
  3963 | D:5      | Entered Level 5 of the Dungeon
  4076 | D:5      | Noticed Dowan
  4093 | D:5      | Killed Dowan
  4098 | D:5      | Noticed Duvessa
  4120 | D:5      | HP: 3/69 [Duvessa/+0 rapier (4)]
  4125 | D:5      | HP: 2/69 [Duvessa/+0 rapier (7)]
  4126 | D:5      | Slain by Duvessa

Illustrated notes

Levels and vault maps discovered:
D:1:      roderic_octagonal_star, layout_rooms
D:2:      layout_basic
D:3:      layout_basic, nemelex_dance_club_becter, serial_co_window_serial,
          co_window_of_opportunity_a, co_window_of_opportunity_a,
          co_window_corner_a, co_window_paths_b, co_window_corner_a,
          co_window_paths_a, co_window_of_opportunity_a, co_window_corner_b,
          co_window_unsneaky_path_d, co_window_broadway_b, co_window_broadway_a,
          co_window_corner_cb, glass_columns_b, glass_columns_b, uniq_grinder,
          uniq_terence, uniq_natasha
D:4:      layout_loops_corners, makhleb_blood_cavern_becter,
          minmay_temple_entry_slanted, kennysheep_generic_room_16, uniq_sigmund,
          uniq_blork_the_orc, uniq_robin
D:5:      layout_basic, portal_sewer_entry_e, minmay_misc_feat_alley,
          uniq_duvessa
Temple:   minmay_crystal_spiral_temple

Skill      XL: |  1  2  3  4  5  6  7  8 |
---------------+-------------------------+-----
Fighting       | 3 4 6 8 |  8.3
Polearms       | 5 6 7 |  7.8
Armour         | 1 |  1.2
Invocations    | 1 |  1.7
Throwing       | |  2.0
Dodging        | |  4.7

Action                     |  1- 3 |  4- 6 |  7- 9 || total
---------------------------+-------+-------+-------++-------
  Melee: Trident           |   137 |   157 |   200 ||   494
         Punch             |     1 |     1 |     4 ||     6
    Use: Scroll            |     1 |    11 |     1 ||    13
         Potion            |     1 |     1 |     2 ||     4
   Stab: Sleeping          |     2 |       |       ||     2
 Armour: Leather armour    |    16 |       |       ||    16
         Scale mail        |    39 |       |       ||    39
         Chain mail        |       |   140 |    76 ||   216
  Dodge: Dodged            |    76 |    75 |    44 ||   195

Table legend: (Time is in decaauts)
 A = Elapsed time spent in this place.
 B = Non-inter-level travel time spent in this place.
 C = Inter-level travel time spent in this place.
 D = Time resting spent in this place.
 E = Time spent auto-exploring this place.
 F = Levels seen in this place.
 G = Mean time per level.
                   A        B        C        D        E       F      G
               +--------+--------+--------+--------+--------+-----+--------+
         Total |   4129 |   3866 |    263 |    194 |   2798 |   6 |  688.2 |
       Dungeon |   3917 |   3742 |    175 |    194 |   2690 |   5 |  783.4 |
        Temple |    212 |    124 |     88 |      0 |    108 |   1 |  212.0 |
               +--------+--------+--------+--------+--------+-----+--------+

Top non-repeatable levels by time:
     D:3: 1563 daAuts
     D:4: 1098 daAuts
     D:1: 609 daAuts
     D:2: 488 daAuts
  Temple: 212 daAuts
     D:5: 157 daAuts
